Map: Turbo Cruise '84 LE

Players

BlacKSerpenT

  • Race: Protoss Protoss
  • Spawn Location: 3:00

yjzhou - Winner!

  • Race: Terran Terran
  • League: Platinum
  • Spawn Location: 7:00

VOD

Have the link to the VOD?

Description

Time

  • Played on: July 5, 2019, 1:53 p.m.
  • Length: 5:26
Show
View Real Time Build Order
Export as new Build Order

BlacKSerpenT Protoss 

Build Orders: Cannon Rush 

Get SALT Encoding   

  12  0:00  Probe  
  13  0:13  Probe  
  14  0:21  Pylon  
  14  0:25  Probe  
  15  0:42  Forge  
  15  1:03  Pylon  
  15  1:08  Pylon  
  15  1:21  Photon Cannon  
  15  1:24  Photon Cannon  
  15  1:31  Photon Cannon  
  15  1:43  Photon Cannon  
  15  1:54  Photon Cannon  
  15  1:58  Pylon  
  15  2:01  Photon Cannon  
  15  2:04  Pylon  
  15  2:19  Photon Cannon  
  13  2:29  Photon Cannon  
  10  2:44  Photon Cannon  
  9  2:53  Photon Cannon  
  9  2:57  Probe  
  10  3:05  Probe  
  11  3:16  Probe  
  12  3:26  Photon Cannon  
  12  3:34  Photon Cannon  
  12  4:03  Photon Cannon  
  12  4:07  Photon Cannon  
  12  4:22  Photon Cannon  
  12  4:24  Probe  
  13  4:37  Probe  
  13  4:38  Photon Cannon  
  14  4:49  Probe  
  14  4:58  Probe  
  14  5:06  Probe  
  15  5:09  Gateway  
Show
View Real Time Build Order
Export as new Build Order

yjzhou Terran - Winner!

Build Orders:  

Get SALT Encoding   

  12  0:00  SCV  
  13  0:13  SCV  
  14  0:17  Supply Depot  
  14  0:25  SCV  
  15  0:39  SCV  
  15  0:40  Barracks  
  16  0:45  Refinery  
  16  0:51  SCV  
  17  1:03  SCV  
  18  1:15  SCV  
  19  1:27  SCV  
  19  1:29  Marine  
  21  1:34  Bunker  
  21  1:42  SCV  
  22  1:50  Marine  
  23  1:55  Orbital Command  
  22  2:16  Marine  
  20  2:28  SCV  
  19  2:36  Supply Depot  
  19  2:46  Marine  
  19  2:49  Bunker  
  20  2:58  SCV  
  20  3:00  Factory  
  19  3:13  SCV  
  19  3:15  Marine  
  19  3:30  SCV  
  19  3:33  Marine  
  21  3:45  SCV  
  22  3:50  Marine  
  22  3:57  SCV  
  22  4:01  Factory Tech Lab  
  18  4:03  Starport  
  18  4:08  Marine  
  18  4:09  SCV, Bunker  
  19  4:21  SCV  
  20  4:26  Siege Tank  
  20  4:30  Supply Depot  
  23  4:32  Marine  
  23  4:36  SCV  
  24  4:48  SCV  
  24  4:50  Marine  
Tags
 
Add a new tag
Caveats
  • Supply blocks, unpowered buildings, or Contaminate may cause inaccurate times.
  • Supply counts are checked every 10 seconds.